 Dungeon Crawl Stone Soup version 0.31-a0-182-gc5ef74bbde (webtiles) character file.

Game seed: 4453927586075819701

390 qw the Chopper (level 6, -8/39 HPs)
             Began as a Gargoyle Fighter on June 20, 2023.
             Was an Initiate of Okawaru.
             Killed from afar by Dowan (12 damage)
             ... with a stone arrow
             ... on level 4 of the Dungeon.
             The game lasted 00:01:19 (2762 turns).

qw the Chopper (Gargoyle Fighter)                   Turns: 2762, Time: 00:01:20

Health: -8/39      AC: 13    Str: 28    XL:     6   Next: 80%
Magic:  6/6        EV:  9    Int:  8    God:    Okawaru [......]
Gold:   116        SH:  5    Dex: 15    Spells: 5/5 levels left

rFire   . . .        Y - +0 war axe
rCold   . . .        c - +0 buckler
rNeg    + . .        j - +0 chain mail
rPois   inf          (no helmet)
rElec   +            (no cloak)
rCorr   .            (no gloves)
SInv    .            (no boots)
Will    .....        (no amulet) Stlth
                     k - +6 ring of dexterity
HPRegen 0.26/turn    h - +6 ring of strength
MPRegen 0.10/turn

%: no passive effects
@: no status effects
A: sickness immunity, AC +4, negative energy resistance 1, electricity
resistance, torment resistance 1, petrification resistance
a: Renounce Religion


You were on level 4 of the Dungeon.
You worshipped Okawaru.
Okawaru was noncommittal.
You visited 2 branches of the dungeon, and saw 5 of its levels.

You collected 116 gold pieces.


Innate Abilities, Weirdness & Mutations

You are immune to sickness and miasma.
Your stone body is resilient. (AC +4)
You are immune to poison.
You resist negative energy. (rN+)
You are resistant to electric shocks. (rElec)
You are resistant to unholy torment.
You are immune to petrification.


   Skills:
 - Level 4.5 Fighting
 + Level 5.1 Axes
 - Level 3.2 Armour
 - Level 2.2 Dodging
 - Level 3.2 Shields


You had 5 spell levels left.
You didn't know any spells.
Your spell library was empty.

Inventory:

Hand Weapons
 b - a +0 flail
 Y - a +0 war axe (weapon)
Armour
 c - a +0 buckler (worn)
 j - a +0 chain mail (worn)
Jewellery
 e - a ring of resist corrosion
 h - a +6 ring of strength (right hand)
 k - a +6 ring of dexterity (left hand)
Scrolls
 i - a scroll of identify
 l - a scroll of enchant weapon {unknown}
 m - a scroll of silence {unknown}
Potions
 a - a potion of lignification
 d - a potion of might
 f - a potion of resistance {unknown}
 g - a potion of ambrosia {unknown}

Dungeon Overview and Level Annotations

Branches:
Dungeon (4/15)             Temple (1/1) D:4

Altars:
Ashenzari
Cheibriados
Hepliaklqana
Kikubaaqudgha
Makhleb
Nemelex Xobeh
Okawaru
Ru
Sif Muna
Trog
Uskayaw
Vehumet
Wu Jian
Xom
Yredelemnul
Zin
The Shining One

Annotations:
D:4 1 runed translucent door, Dowan


Message History

Duvessa hits you with a +0 rapier! You block Duvessa's attack.
You slash Duvessa!
You kill Duvessa!
Okawaru is honoured by your kill.
Dowan screams, "No!
Oh no!"
Dowan seems to find hidden reserves of power!
Dowan says, "Her death will not be in vain!"
Dowan casts a spell at you.
The stone arrow hits you but does no damage.
Your Fighting skill increases to level 4!
You closely miss Dowan.
Dowan is severely wounded.
Dowan shakes with grief.
Dowan hits you but does no damage. Dowan closely misses you.
You miss Dowan.
Dowan is severely wounded.
Dowan says, "How can I live without her?"
Dowan hits you but does no damage.
Dowan hits you with a +2 dagger of venom.
You hit Dowan.
Dowan is almost dead.
Dowan barely misses you. Dowan hits you but does no damage.
You hit Dowan but do no damage.
Dowan is almost dead.
Dowan hits you with a +2 dagger of venom!
Dowan casts a spell.
Dowan blinks!
Things that are here:
a +0 rapier; a +0 ring mail
Enter note:
Enter note:
Enter note:
Enter note:
Enter note:
Enter note: Dowan points at you and mumbles some strange words.
The stone arrow misses you. Dowan casts a spell at you.
The stone arrow hits you!
You die...

#...........
#.#######...
...#####....<
..###.....##.. ######
### #...####.. #.....
########.. #.....
#.....
#$e...############.###.
#.....@)...............
#.....################.
#..... #. #..... #.
#..... ## ######


You could see Dowan (fast).

Vanquished Creatures
  Duvessa (D:4)
  A phantom (D:4)
  A scorpion (D:3)
  2 orc priests (D:4)
  Terence (D:2)
  A dart slug (D:1)
  2 worms
  3 orcs (D:4)
  5 endoplasms
  2 giant cockroaches
  5 goblins
  5 hobgoblins
  2 jackals (D:1)
  4 kobolds
  4 quokkas
  7 ball pythons
  2 bats (D:3)
  A frilled lizard (D:1)
  7 rats
56 creatures vanquished.

Notes
Turn   | Place    | Note
-------+----------+-------------------------------------------
     0 | D:1      | qw the Gargoyle Fighter began the quest for the Orb.
     0 | D:1      | Reached XP level 1. HP: 14/14 MP: 1/1
     0 | D:1      | 0 ||| qw: Version: 0.3-a-9-g12657ce
     0 | D:1      | 0 ||| qw: Game counter: 1297
     0 | D:1      | 0 ||| qw: Always use a shield: true
     0 | D:1      | 0 ||| qw: God list: Okawaru
     0 | D:1      | 0 ||| qw: Allow faded altars: false
     0 | D:1      | 0 ||| qw: Do Orc after D:15 true
     0 | D:1      | 0 ||| qw: Do second Lair branch before Depths: true
     0 | D:1      | 0 ||| qw: Lair rune preference: random
     0 | D:1      | 0 ||| qw: Plans: Normal, Zot:1-4, Slime:5, God:TSO, Crypt,
                  | Tomb, Abyss, Pan, Hells, Win
     0 | D:1      | 0 ||| PLANNING D:1-11
    44 | D:1      | Reached skill level 2 in Axes
    97 | D:1      | Reached XP level 2. HP: 19/19 MP: 2/2
   141 | D:1      | 141 ||| Stepping ~*~*~tactically~*~*~ (stealth).
   355 | D:1      | Reached skill level 3 in Axes
   428 | D:1      | Reached XP level 3. HP: 22/23 MP: 3/3
   431 | D:1      | Found a faded altar of an unknown god.
   508 | D:1      | 508 ||| DROPPING +0 club.
   509 | D:1      | 509 ||| UPGRADING to +0 chain mail.
   519 | D:1      | 519 ||| DROPPING +0 scale mail.
   520 | D:1      | 520 ||| UPGRADING to ring of resist corrosion.
   521 | D:1      | 521 ||| UPGRADING to +6 ring of strength.
   522 | D:1      | 522 ||| UPGRADING to +6 ring of dexterity.
   524 | D:1      | 524 ||| READING scroll labelled UGOUBA KAMUC.
   525 | D:1      | 525 ||| READING 2 scrolls labelled KISEBA ZOUMM.
   526 | D:1      | 526 ||| READING scroll labelled LAJUGO HAUS.
   685 | D:2      | 685 ||| Stepping ~*~*~tactically~*~*~ (stealth).
   686 | D:2      | 686 ||| Stepping ~*~*~tactically~*~*~ (stealth).
   929 | D:2      | 929 ||| Stepping ~*~*~tactically~*~*~ (hiding).
  1021 | D:2      | Noticed Terence
  1030 | D:2      | Killed Terence
  1031 | D:2      | Reached XP level 4. HP: 18/28 MP: 4/4
  1073 | D:2      | 1073 ||| DROPPING +1 whip of draining.
  1074 | D:2      | 1074 ||| DROPPING +0 whip.
  1409 | D:2      | 1409 ||| READING scroll labelled HIV IWKYN LOQE.
  1412 | D:2      | 1412 ||| READING scroll labelled VAWNAAFILL.
  1469 | D:3      | You fall into a shaft and drop 1 floor!
  1495 | D:4      | 1495 ||| FLEEEEING.
  1496 | D:4      | 1496 ||| STAIRDANCE
  1580 | D:3      | Found an ornate altar of the Wu Jian Council.
  1793 | D:3      | Found a bloodstained altar of Trog.
  2337 | D:3      | 2337 ||| READING scroll labelled BIMECUSMASIS.
  2338 | D:3      | 2338 ||| READING 2 scrolls of identify.
  2338 | D:3      | 2338 ||| IDENTIFYING red potion
  2371 | D:4      | Noticed a scorpion
  2376 | D:4      | 2376 ||| STAIRDANCE
  2382 | D:3      | Killed a scorpion
  2383 | D:3      | Reached XP level 5. HP: 23/32 MP: 5/5
  2429 | D:4      | 2429 ||| Stepping ~*~*~tactically~*~*~ (stealth).
  2430 | D:4      | 2430 ||| Stepping ~*~*~tactically~*~*~ (stealth).
  2431 | D:4      | 2431 ||| Stepping ~*~*~tactically~*~*~ (stealth).
  2477 | D:4      | Found a runed translucent door.
  2479 | D:4      | Noticed a phantom
  2500 | D:4      | Found a staircase to the Ecumenical Temple.
  2501 | D:4      | 2501 ||| PLANNING TEMPLE
  2503 | D:4      | Killed a phantom
  2504 | D:4      | Reached skill level 4 in Axes
  2515 | D:4      | 2515 ||| Stepping ~*~*~tactically~*~*~ (stealth).
  2518 | D:4      | Reached XP level 6. HP: 28/37 MP: 6/6
  2518 | D:4      | 2518 ||| Stepping ~*~*~tactically~*~*~ (hiding).
  2525 | D:4      | HP: 8/37 [orc priest/+0 whip (6)]
  2528 | D:4      | Reached skill level 5 in Axes
  2660 | Temple   | Entered the Ecumenical Temple
  2661 | Temple   | 2661 ||| PLANNING OKAWARU WORSHIP
  2673 | Temple   | Became a worshipper of Warmaster Okawaru
  2674 | Temple   | 2674 ||| PLANNING D:1-11
  2735 | D:4      | Noticed Dowan
  2736 | D:4      | Noticed Duvessa
  2756 | D:4      | Killed Duvessa
  2760 | D:4      | HP: 3/39 [Dowan/+2 dagger of venom (8)]
  2762 | D:4      | Killed from afar by Dowan

Levels and vault maps discovered:
D:1:      scummos_arrival_star, layout_rooms,
          hellmonk_ecumenical_altar_arch_garden
D:2:      layout_basic, uniq_terence
D:3:      layout_basic, marbit_many_paths, lemuel_round_altar,
          grunt_decor_arrowhead
D:4:      layout_rooms, minmay_temple_entry_offerings,
          ebering_ghost_reflecting_pool, uniq_duvessa
Temple:   minmay_freezing_vapour_temple

Skill      XL: |  1  2  3  4  5  6 |
---------------+-------------------+-----
Axes           | 2 3 4 5 |  5.1
Dodging        | 2 |  2.2
Fighting       | 4 |  4.5
Armour         | |  3.2
Shields        | |  3.2

Action                     |  1- 3 |  4- 6 || total
---------------------------+-------+-------++-------
  Melee: War axe           |    95 |   105 ||   200
    Use: Scroll            |     3 |     4 ||     7
 Armour: Scale mail        |    34 |       ||    34
         Chain mail        |    15 |    40 ||    55
  Dodge: Dodged            |    32 |    41 ||    73
  Block: Buckler           |    14 |    26 ||    40

Table legend:
 A = Non-vault XP
 B = Vault XP
 C = Vault XP percentage of total XP
 D = Non-vault monster count
 E = Vault monster count
 F = Vault count percentage of total count
                 A         B        C        D         E       F
            +---------+---------+-------+---------+---------+-------
      Total |     364 |     194 |  34.8 |      53 |       3 |   5.4
            +---------+---------+-------+---------+---------+-------
        D:1 |      36 |       0 |   0.0 |      21 |       0 |   0.0
        D:2 |      15 |      36 |  70.6 |      10 |       1 |   9.1
        D:3 |     106 |       1 |   0.9 |      12 |       1 |   7.7
        D:4 |     207 |     157 |  43.1 |      10 |       1 |   9.1
            +---------+---------+-------+---------+---------+-------
